 Dungeon Crawl Stone Soup version 0.26.1-11-gd32895ea62 (webtiles) character file.

Game seed: 6493165830606338792

6991 Zeld the Severer (level 10, -2/81 HPs)
             Began as a Deep Dwarf Fighter on June 3, 2021.
             Was a Believer of Makhleb.
             Killed from afar by an electric eel (10 damage)
             ... with a bolt of electricity
             ... on level 10 of the Dungeon.
             The game lasted 00:24:47 (12425 turns).

Zeld the Severer (Deep Dwarf Fighter)              Turns: 12425, Time: 00:24:48

Health: -2/81      AC: 14    Str: 23    XL:     10   Next: 81%
Magic:  0/0        EV:  4    Int:  9    God:    Makhleb [**....]
Gold:   1188       SH:  9    Dex: 12    Spells: 9/9 levels left

rFire    + . .     SeeInvis .   a - +3 war axe
rCold    + . .     Faith    .   c - +0 kite shield
rNeg     . . .     Spirit   .   m - +0 plate armour
rPois    .         Reflect  .   n - +1 helmet
rElec    .         Harm     .   u - scarf {rC+ rF+}
rCorr    .         Rampage  .   (no gloves)
Will     +....                  h - +0 pair of boots
Stlth    ..........             (no amulet)
HPRegen  0.00/turn              (no ring)
MPRegen  0.07/turn              (no ring)

@: non-regenerating, studying Necromancy
A: damage resistance, heal wounds, sense surroundings 2, no regeneration
a: Heal Wounds, Renounce Religion, Minor Destruction


You were on level 10 of the Dungeon.
You worshipped Makhleb.
Makhleb was pleased with you.
You visited 2 branches of the dungeon, and saw 12 of its levels.
You also visited: Bailey.

You collected 1344 gold pieces.
You spent 156 gold pieces at shops.

Inventory:

Hand Weapons
 a - a +3 war axe (weapon)
Missiles
 b - 75 boomerangs
 p - 3 throwing nets
 y - 2 javelins
 D - 17 poisoned darts (quivered)
Armour
 c - a +0 kite shield (worn)
 h - a +0 pair of boots (worn)
 m - a +0 plate armour (worn)
 n - a +1 helmet (worn)
 u - a scarf of resistance (worn)
Jewellery
 s - an uncursed ring of resist corrosion
Wands
 d - a wand of iceblast (10)
 r - a wand of polymorph (6)
Scrolls
 f - 5 scrolls of remove curse
 g - 14 scrolls of teleportation
 j - 3 scrolls of magic mapping
 k - a scroll of identify
 l - a scroll of fear
 w - 2 scrolls of amnesia
 C - a scroll of blinking
Potions
 e - a potion of resistance
 i - 11 potions of curing
 q - 7 potions of magic
 v - 4 potions of flight
 x - a potion of berserk rage
 z - 6 potions of haste
 B - 2 potions of brilliance
Books
 A - a manual of Necromancy


   Skills:
 - Level 2.6 Fighting
 - Level 16.0 Axes
 * Level 5.4 Throwing
 - Level 3.2 Armour
 - Level 3.2 Shields


You had 9 spell levels left.
You didn't know any spells.
Your spell library contained the following spells:

 Spells                   Type           Power        Failure   Level
 Beastly Appendage        Tmut           0%           100%        1
 Corona                   Hex            0%           100%        1
 Magic Dart               Conj           0%           100%        1
 Sting                    Tmut/Pois      0%           100%        1
 Ensorcelled Hibernation  Hex/Ice        0%           100%        2
 Poisonous Vapours        Pois/Air       0%           100%        2
 Searing Ray              Conj           0%           100%        2
 Wereblood                Tmut           0%           100%        2
 Confusing Touch          Hex            0%           100%        3
 Dazzling Flash           Conj/Hex       0%           100%        3
 Ignite Poison            Fire/Tmut/Pois 0%           100%        3
 Mephitic Cloud           Conj/Pois/Air  0%           100%        3
 Spider Form              Tmut/Pois      0%           100%        3
 Tukima's Dance           Hex            0%           100%        3
 Fulminant Prism          Conj/Hex       0%           100%        4
 Ice Form                 Ice/Tmut       0%           100%        4
 Iskenderun's Mystic Bla  Conj/Tloc      0%           100%        4
 Olgreb's Toxic Radiance  Pois           0%           100%        4
 Blade Hands              Tmut           0%           100%        5
 Irradiate                Conj/Tmut      0%           100%        5
 Hydra Form               Tmut           0%           100%        6
 Statue Form              Tmut/Erth      0%           100%        6
 Dragon Form              Tmut           0%           100%        7


Dungeon Overview and Level Annotations

Branches:
Dungeon (11/15)            Temple (1/1) D:7          Bailey (visited)
   Lair: D:8-11         Orc: D:9-12

Altars:
Ashenzari
Cheibriados
Dithmenos
Elyvilon
Fedhas
Gozag
Hepliaklqana
Kikubaaqudgha
Makhleb
Nemelex Xobeh
Okawaru
Qazlal
Ru
Sif Muna
Trog
Uskayaw
Vehumet
Wu Jian
Xom
Yredelemnul
Zin
The Shining One
Lugonu

Shops:
D:5 *

Annotations:
D:10 2 exclusions


Innate Abilities, Weirdness & Mutations

You are resistant to damage.
You can heal yourself by infusing magical energy.
You passively map the area around you.
You do not regenerate.


Message History

You block the yak's attack.
Really walk into that dispersal trap?
You enter a dispersal trap!
The yak blinks! x2; You blink.
You barely miss the yak.
The yak is almost dead.
You block the yak's attack.
You hit the yak.
You kill the yak!
Makhleb accepts your kill.
You start waiting.
Done waiting.
You start waiting.
Done waiting.
D - 16 poisoned darts (gained 4)
You see here an arrow.
D - 17 poisoned darts (gained 1)
You see here a scale mail.
The electric eel shoots out a bolt of lightning at you!
The bolt of electricity hits you!
You die...

....########.######.####≈≈#.#....
###.## #................#.#.#
...<.# #.##.......≈.≈≈≈...#.#
#.#..#######.##.###.......≈≈≈≈#.#
.............##.###.#.≈.≈.≈≈≈≈≈.#
#...######≈≈.##.......≈.≈.≈≈≈≈≈[#
................###.#.≈.≈........
#.#<#####≈≈≈.##.###.≈.≈.≈≈≈≈≈≈≈.#
#.##.# #.......@.............[..
.....# #.#≈.##.###$#≈..≈≈≈≈.....
####.####>.......##.##..≈≈≈≈.≈≈..
........................≈≈≈≈.≈≈..
####.#########≈.≈.#.....≈≈≈≈.≈#..
.#.................$....#≈≈≈.##.(
##.#............≈≈.###..##≈≈.##..
#.##########≈;.≈≈..##..####.##(#
##..# *≈≈.≈≈#.##..####.##(#


You could see an electric eel.

Vanquished Creatures
  The ghost of LordOGeese the Basher, a novice GrBe of Trog (D:9)
  Pikel (D:9)
  An orc knight (Bailey)
  Maggie (D:7)
  A komodo dragon (D:8)
  A kobold demonologist (D:9)
  A troll (D:10)
  Prince Ribbit (D:7)
  Sigmund (D:5)
  A yak (D:10)
  An orc warrior (D:10)
  3 ice beasts
  A sky beast (D:5)
  2 eyes of draining (D:4)
  4 ogres
  3 phantoms
  A lemure (D:9)
  5 centaurs
  A bullfrog (D:10)
  The ghost of jlumianski the Caller, an amateur FeSu (D:4)
  3 scorpions
  10 killer bees
  An electric eel (D:10)
  A vampire bat (D:3)
  2 howler monkeys
  3 centaur zombies
  A lava snake (D:9)
  6 hounds
  A bullfrog zombie (D:9)
  2 orc priests
  Crazy Yiuf (D:5)
  5 orc wizards
  A bullfrog skeleton (D:5)
  2 centaur skeletons
  2 gnoll shamans (D:6)
  2 iguanas
  10 worker ants
  A hound zombie (D:9)
  3 worker ant zombies
  25 gnolls
  A howler monkey zombie (D:10)
  15 adders
  A shadow imp (D:8)
  2 white imps
  An ufetubus (D:6)
  An adder zombie (D:7)
  An adder skeleton (D:9)
  4 worms
  A dart slug (D:3)
  7 leopard geckos
  18 orcs
  4 ball pythons
  3 bats
  5 bat skeletons (D:3)
  A bat zombie (D:3)
  4 giant cockroaches
  13 hobgoblins
  3 jackals
  22 kobolds
  4 quokkas
  10 frilled lizards
  9 goblins
  A leopard gecko skeleton (D:9)
  A quokka skeleton (D:6)
  9 rats
255 creatures vanquished.

Vanquished Creatures (others)
  An orc wizard (D:10)
  5 plants (D:8)
6 creatures vanquished.

Grand Total: 261 creatures vanquished

Notes
Turn   | Place    | Note
-------+----------+-------------------------------------------
     0 | D:1      | Zeld the Deep Dwarf Fighter began the quest for the Orb.
     0 | D:1      | Reached XP level 1. HP: 20/20 MP: 1/1
   305 | D:1      | Reached skill level 3 in Axes
   306 | D:1      | Reached XP level 2. HP: 27/27 MP: 2/2
   822 | D:2      | Found a sacrificial altar of Ru.
   850 | D:2      | Reached skill level 4 in Axes
   850 | D:2      | Reached XP level 3. HP: 26/33 MP: 3/3
   908 | D:2      | Found an opulent altar of Gozag.
  1119 | D:2      | Found a sparkling altar of Nemelex Xobeh.
  1308 | D:2      | Reached XP level 4. HP: 27/40 MP: 4/4
  1318 | D:2      | Reached skill level 5 in Axes
  1429 | D:2      | Found a stormy altar of Qazlal.
  1631 | D:2      | Found a radiant altar of Vehumet.
  1638 | D:2      | Found a shimmering blue altar of Sif Muna.
  1810 | D:3      | Found a hazy altar of Hepliaklqana.
  1963 | D:3      | Reached XP level 5. HP: 46/46 MP: 4/4
  2008 | D:3      | Reached skill level 6 in Axes
  2138 | D:3      | Found an ancient bone altar of Kikubaaqudgha.
  2542 | D:4      | Found a blossoming altar of Fedhas.
  2611 | D:4      | Reached skill level 7 in Axes
  2611 | D:4      | Reached XP level 6. HP: 47/55 MP: 5/5
  2822 | D:4      | Noticed an ice beast
  2835 | D:4      | Killed an ice beast
  3078 | D:4      | Found a glowing silver altar of Zin.
  3291 | D:4      | Found a large runed translucent door.
  3292 | D:4      | Found a large runed translucent door.
  3294 | D:4      | Noticed jlumianski's ghost (amateur FeSu)
  3325 | D:4      | Found a bloodstained altar of Trog.
  3334 | D:4      | Reached skill level 8 in Axes
  3339 | D:4      | Reached XP level 7. HP: 56/61 MP: 1/6
  3418 | D:4      | Killed jlumianski's ghost
  3419 | D:4      | Reached skill level 9 in Axes
  3467 | D:5      | Entered Level 5 of the Dungeon
  3561 | D:5      | Found a white marble altar of Elyvilon.
  3566 | D:5      | Noticed Sigmund
  3582 | D:5      | Killed Sigmund
  3613 | D:5      | Reached skill level 10 in Axes
  3627 | D:5      | Reached XP level 8. HP: 50/68 MP: 7/7
  3790 | D:5      | Found Lusugila's Assorted Antiques.
  3793 | D:5      | Bought a scroll labelled KUUXOOMUCU for 18 gold pieces
  3793 | D:5      | Bought a scroll labelled YSAEZICZUD for 18 gold pieces
  3793 | D:5      | Bought a cyan potion for 16 gold pieces
  3793 | D:5      | Bought a scroll labelled ELOMIF SUINT for 18 gold pieces
  3793 | D:5      | Bought an orange potion for 16 gold pieces
  3793 | D:5      | Bought a scroll labelled ELOMIF SUINT for 18 gold pieces
  3793 | D:5      | Bought an amethyst potion for 16 gold pieces
  3793 | D:5      | Bought a scroll labelled ZONYKE YRGHIAV for 18 gold pieces
  3793 | D:5      | Bought a scroll labelled KUUXOOMUCU for 18 gold pieces
  3880 | D:5      | Reached skill level 11 in Axes
  3919 | D:5      | Found a glowing golden altar of the Shining One.
  4407 | D:5      | Found a runed translucent door.
  4408 | D:5      | Noticed Crazy Yiuf
  4562 | D:5      | You fall into a shaft and drop 2 floors!
  4607 | D:7      | Found a flagged portal.
  4647 | D:7      | Reached skill level 12 in Axes
  4752 | Bailey   | Entered a bailey
  4989 | Bailey   | Noticed an orc knight
  5014 | Bailey   | HP: 3/68 [orc knight/+2 long sword (17)]
  5026 | Bailey   | Killed an orc knight
  5027 | Bailey   | Reached skill level 13 in Axes
  5027 | Bailey   | Gained mutation: You passively map the area around you.
                  | [Deep Dwarf growth]
  5027 | Bailey   | Reached XP level 9. HP: 63/74 MP: 7/7
  5225 | D:7      | Found a staircase to the Ecumenical Temple.
  5234 | Temple   | Entered the Ecumenical Temple
  5252 | Temple   | Became a worshipper of Makhleb the Destroyer
  5593 | D:5      | Killed Crazy Yiuf
  5839 | D:6      | Found a snail-covered altar of Cheibriados.
  6085 | D:6      | Identified a scroll of acquirement
  6215 | D:6      | Acquired 673 gold pieces
  6524 | D:7      | Noticed Maggie
  6555 | D:7      | HP: 2/74 [Maggie/bolt of fire (8)]
  6581 | D:7      | Killed Maggie
  6582 | D:7      | Reached skill level 14 in Axes
  6587 | D:7      | Found a glowing golden altar of the Shining One.
  6709 | D:7      | Reached * piety under Makhleb
  6738 | D:7      | Found a hide-covered altar of Uskayaw.
  6738 | D:7      | Noticed Prince Ribbit
  6947 | D:7      | Killed Prince Ribbit
  7964 | D:8      | Noticed a komodo dragon
  7980 | D:8      | Killed a komodo dragon
  7981 | D:8      | Reached skill level 15 in Axes
  7981 | D:8      | Reached XP level 10. HP: 81/81 MP: 1/1
  8672 | D:9      | Reached ** piety under Makhleb
  8701 | D:9      | Noticed Pikel
  8712 | D:9      | Killed Pikel
  8786 | D:9      | Found a large runed translucent door.
  8786 | D:9      | Found a large runed translucent door.
  8787 | D:9      | Noticed LordOGeese's ghost (novice GrBe)
  9176 | D:9      | Acquired a manual of Necromancy
  9299 | D:9      | Killed LordOGeese's ghost
  9300 | D:9      | Reached skill level 16 in Axes
  9346 | D:10     | Entered Level 10 of the Dungeon
 11156 | D:10     | Found an opulent altar of Gozag.
 11392 | D:10     | HP: 2/81 [ogre/cursed -2 giant club (19)]
 11852 | D:11     | Reached skill level 5 in Throwing
 12425 | D:10     | Killed from afar by an electric eel

Illustrated notes

Levels and vault maps discovered:
D:1:      nzn_arrival_depleted_hourglass, layout_basic, solitary_fountain,
          glass_columns_b
D:2:      layout_basic, lemuel_doored_altar,
          nicolae_ru_great_annihilating_truth, nicolae_overflow_hidden_temple,
          old_standard_altar, minitemple, minmay_distorted
D:3:      layout_rooms, kennysheep_vampire_church, lemuel_crystal_altar
D:4:      layout_basic, kennysheep_little_box, marbit_many_paths,
          trog_eyes_of_draining, ebering_ghost_disaster_area
D:5:      layout_basic, elyvilon_altar_1, basic_altar, serial_shops,
          kennysheep_mini_moat, uniq_crazy_yiuf_cottage, uniq_sigmund
D:6:      layout_basic, old_standard_altar, chequers_serial_rivers_micro_c,
          kennysheep_big_empty_room
D:7:      layout_loops_corners, eat_drink_and_be_merry_uskayaw,
          nicolae_overflow_crystal_walls, minmay_temple_entry_statues,
          enter_bailey_8, uniq_maggie, uniq_prince_ribbit1
D:8:      layout_layer_cave, minmay_lizard_king
D:9:      layout_cave_pools, ebering_ghost_disaster_area, kennysheep_donut,
          minmay_librarian, uniq_pikel
D:10:     layout_basic, nicolae_gozag_cash_rules_everything_around_me
D:11:     layout_irregular_city, david_lair_generic, lemuel_hellish_altar
Temple:   corrupted_temple

Skill      XL: |  1  2  3  4  5  6  7  8  9 10 |
---------------+-------------------------------+-----
Axes           | 3 4 5 7 8 10 13 15 16 | 16.0
Throwing       | 5 |  5.4
Fighting       | |  2.6
Armour         | |  3.2
Shields        | |  3.2

Action                   |  1- 3 |  4- 6 |  7- 9 | 10-12 || total
-------------------------+-------+-------+-------+-------++-------
Melee: War axe           |    92 |   221 |   562 |   204 ||  1079
Throw: Dart              |       |       |       |     6 ||     6
       Throwing net      |       |       |       |     1 ||     1
 Abil: Heal Wounds       |       |     2 |    36 |     2 ||    40
Evoke: Wand              |       |       |       |    15 ||    15
  Use: Scroll            |       |       |    24 |    10 ||    34
       Potion            |       |       |     1 |     7 ||     8
 Stab: Paralysed         |     1 |       |       |       ||     1
Armor: Scale mail        |    11 |       |       |       ||    11
       Plate armour      |    37 |   140 |   252 |    98 ||   527
Dodge: Dodged            |    10 |    29 |   109 |    30 ||   178
Block: Kite shield       |    47 |   130 |   240 |    82 ||   499
